 Dungeon Crawl Stone Soup version 0.31-a0-1338-gb567cfdca4 (webtiles) character file.

Game seed: 8211252809952180639

131931 bmb222 the Bludgeoner (level 17, -1/165 HPs)
             Began as an Oni Delver on Dec 22, 2023.
             Was the Champion of Hepliaklqana.
             Slain by a redback (12 damage)
             ... summoned by a broodmother
             ... on level 1 of the Spider Nest.
             The game lasted 00:53:24 (37790 turns).

bmb222 the Bludgeoner (Oni Delver)                 Turns: 37790, Time: 00:53:25

Health: -1/165     AC: 13    Str: 28    XL:     17   Next: 11%
Magic:  22/22      EV: 15    Int: 11    God:    Hepliaklqana [******]
Gold:   1959       SH: 16    Dex: 10    Spells: 16/16 levels left

rFire   + . .        V - +1 mace "Vogogeko" {heavy, rPois Str+2 Stlth+}
rCold   . . .        H - +0 tower shield
rNeg    . . .        f - +0 acid dragon scales
rPois   +            (helmet restricted)
rElec   .            P - +2 cloak {rF+}
rCorr   +            (gloves unavailable)
SInv    .            (boots unavailable)
Will    +....        b - amulet of reflection
Stlth   +++          O - +4 ring of slaying
HPRegen 0.47/turn    U - +5 ring of evasion
MPRegen 0.18/turn

%: reflection
@: slowed, very slow
A: reduced essence, drunken brawling, large, unfitting armour, horns 1, tough
skin 1, double potion healing, talons 1, mutation resistance 1
a: Renounce Religion, Recall Ancestor, Ancestor Identity, Transference, Idealise


You were on level 1 of the Spider Nest.
You worshipped Hepliaklqana.
Hepliaklqana was exalted by your worship.
You visited 6 branches of the dungeon, and saw 26 of its levels.
You also visited: Ice Cave and Volcano.

You collected 2294 gold pieces.
You spent 335 gold pieces at shops.

Inventory:

Hand Weapons
 E - a +3 giant spiked club of protection
 V - the +1 mace "Vogogeko" (weapon) {heavy, rPois Str+2 Stlth+}
   (You found it on level 1 of the Lair of Beasts)

   Str+2:     It affects your strength (+2).
   rPois:     It protects you from poison Stlth+: It makes you more stealthy.
 X - a +0 great mace of flaming
Missiles
 s - 12 boomerangs
 J - a curare-tipped dart
Armour
 f - +0 acid dragon scales (worn)
 A - +0 steam dragon scales
 H - a +0 tower shield (worn)
 L - an orb of mayhem
 P - a +2 cloak of fire resistance (worn)
Jewellery
 b - an amulet of reflection (around neck)
 i - the ring of Umamiph {rN+ Dex+6}
   (You found it on level 4 of the Dungeon)

   [ring of dexterity]

   Dex+6:     It affects your dexterity (+6).
   rN+:       It protects you from negative energy.
 j - a ring of protection from fire
 o - a ring of flight
 p - a ring of see invisible
 t - a ring of wizardry
 y - a ring of protection from cold
 F - a ring of resist corrosion
 O - a +4 ring of slaying (left hand)
 U - a +5 ring of evasion (right hand)
 Z - a ring of magical power
Wands
 a - a wand of acid (15)
 g - a wand of digging (6)
 l - a wand of flame (46)
 D - a wand of polymorph (5)
 K - a wand of mindburst (6)
 N - a wand of paralysis (14)
 S - a wand of roots (15)
Scrolls
 c - 4 scrolls of fog
 e - 4 scrolls of fear
 h - 13 scrolls of teleportation
 n - 2 scrolls of immolation
 r - 6 scrolls of poison
 u - a scroll of revelation
 v - 9 scrolls of identify
 w - 2 scrolls of silence
 x - 2 scrolls of noise
 Q - 3 scrolls of amnesia
 R - 3 scrolls of vulnerability
 Y - a scroll of butterflies
Potions
 d - a potion of attraction
 k - a potion of ambrosia
 m - 4 potions of cancellation
 q - 2 potions of brilliance
 z - a potion of degeneration {unknown}
 B - 4 potions of mutation
 C - 3 potions of lignification
 G - a potion of resistance {unknown}
 M - a potion of might
 W - 2 potions of enlightenment
Miscellaneous
 T - a lightning rod (4/4) (quivered)


   Skills:
 - Level 15.1 Fighting
 - Level 20.0 Maces & Flails
 - Level 11.0 Armour
 - Level 11.4 Dodging
 - Level 3.7 Stealth
 * Level 2.6 Shields
 - Level 7.0 Invocations
 - Level 6.3 Evocations
 - Level 3.9 Shapeshifting


You had 16 spell levels left.
You didn't know any spells.
Your spell library contained the following spells:

 Spells                   Type           Power      Damage    Failure   Level
 Apportation              Tloc           0%         N/A       90%         1
 Magic Dart               Conj           0%         1d3       90%         1
 Necrotise                Necr           0%         1d4       90%         1
 Slow                     Hex            0%         N/A       90%         1
 Blink                    Tloc           0%         N/A       97%         2
 Call Imp                 Summ           0%         N/A       97%         2
 Cigotuvi's Dreadful Rot  Necr/Alch/Air  0%         N/A       97%         2
 Ensorcelled Hibernation  Hex/Ice        0%         N/A       97%         2
 Jinxbite                 Hex            0%         N/A       97%         2
 Scorch                   Fire           0%         2d5       97%         2
 Searing Ray              Conj           0%         2d4       97%         2
 Static Discharge         Conj/Air       0%         3-3/arc   97%         2
 Confusing Touch          Hex            0%         N/A       99%         3
 Inner Flame              Hex/Fire       0%         N/A       99%         3
 Sigil of Binding         Hex            0%         N/A       99%         3
 Summon Guardian Golem    Hex/Summ       0%         N/A       99%         3
 Tukima's Dance           Hex            0%         N/A       99%         3
 Vampiric Draining        Necr           0%         2d6       99%         3
 Airstrike                Air            0%         2d(0-16)  100%        4
 Animate Armour           Summ/Erth      0%         N/A       100%        4
 Dimensional Bullseye     Hex/Tloc       0%         N/A       100%        4
 Flame Wave               Conj/Fire      0%         2d4       100%        4
 Fulminant Prism          Conj/Alch      0%         3d5       100%        4
 Ignite Poison            Fire/Alch      0%         N/A       100%        4
 Iskenderun's Mystic Bla  Conj/Tloc      0%         2d3       100%        4
 Leda's Liquefaction      Alch/Erth      0%         N/A       100%        4
 Olgreb's Toxic Radiance  Alch           0%         N/A       100%        4
 Sticky Flame             Fire/Alch      0%         2d4       100%        4
 Summon Lightning Spire   Summ/Air       0%         N/A       100%        4
 Agony                    Necr           0%         N/A       100%        5
 Alistair's Intoxication  Alch           0%         N/A       100%        5
 Freezing Cloud           Conj/Ice/Air   0%         6-21      100%        5
 Irradiate                Conj/Alch      0%         3d11      100%        5
 Lee's Rapid Deconstruct  Erth           0%         3d4*      100%        5
 Summon Forest            Summ/Tloc      0%         N/A       100%        5
 Yara's Violent Unravell  Hex/Alch       0%         3d3       100%        5
 Bombard                  Conj/Erth      0%         9d1       100%        6
 Eringya's Noxious Bog    Alch           0%         4d6       100%        6
 Simulacrum               Ice/Necr       0%         N/A       100%        6
 Summon Cactus Giant      Summ           0%         N/A       100%        6
 Enfeeble                 Hex            0%         N/A       100%        7
 Orb of Destruction       Conj           0%         9d5       100%        7
 Spellforged Servitor     Conj/Summ      0%         N/A       100%        7
 Summon Hydra             Summ           0%         N/A       100%        7
 Ignition                 Fire           0%         3d3       100%        8
 Shatter                  Erth           0%         3d5*      100%        9


Dungeon Overview and Level Annotations

Branches:
Dungeon (15/15)            Temple (1/1) D:4            Lair (5/5) D:9
  Swamp (0/4) Lair:2       Spider (1/4) Lair:2        Slime (0/5) Lair:5
    Orc (2/2) D:11            Elf (0/3) Orc:2        Vaults (0/5) D:13
 Depths (2/4) D:15          IceCv (visited)         Volcano (visited)

Altars:
Ashenzari
Cheibriados
Dithmenos
Elyvilon
Fedhas
Gozag
Hepliaklqana
Kikubaaqudgha
Makhleb
Nemelex Xobeh
Okawaru
Qazlal
Ru
Sif Muna
Trog
Uskayaw
Vehumet
Wu Jian
Xom
Yredelemnul
Zin
The Shining One
Jiyva

Shops:
D:4 [?   D:9 **   D:10 :   D:11 [   Orc:2 =*[   Depths:1 *

Portals:
Hell: Depths:1
Abyss: Depths:1
Trove: D:13 (give +5 ice dragon scales)

Annotations:
D:13 3 runed translucent doors, Ithuta Obua's ghost, journeyman MiBe
Lair:4 2 transporters, Coer's ghost, journeyman DgDe
Lair:5 3 runed translucent doors, exclusion: obsidian statue, Lemipp's ghost, journeyman DEHW


Innate Abilities, Weirdness & Mutations

Your life essence is reduced to manifest your ancestor. (-10% HP)
Whenever you drink a potion that restores your health or magic, you attack all enemies around you.
You are too large for most types of armour.
You have a pair of small horns on your head.
You have tough skin. (AC +1)
Whenever you drink a potion that restores your health or magic, it restores twice as much.
You have sharp toenails.
You are somewhat resistant to further mutation.


Message History

The broodmother bites you!!
* * * LOW HITPOINT WARNING * * *
You are too confused!
Unknown command.
You take a swig of the potion and twirl the +1 mace "Vogogeko" {heavy, rPois Str+2 Stlth+}.
You closely miss the orb spider. Your kick misses the orb spider.
You closely miss the redback. You thump the broodmother!
You headbutt the broodmother!
The broodmother is moderately wounded.
You are more confused.
You savour every drop.
You feel invigorated. The broodmother bites you!!
* * * LOW HITPOINT WARNING * * *
The redback closely misses you. The broodmother barely misses you.
The redback misses you.
You feel less invigorated.
The broodmother bites you but does no damage.
The jumping spider leaps!
The broodmother bites you!
* * * LOW HITPOINT WARNING * * *
A spider bursts forth from the wound!
The jumping spider leaps!
The culicivora misses you.
The redback bites you but does no damage.
The culicivora barely misses you. The redback bites you!
* * * LOW HITPOINT WARNING * * *
The torpor snail barely misses you.
The culicivora bites you but does no damage.
You miss the culicivora. Your headbutt misses the culicivora.
You feel less confused. You block the redback's attack.
You block the culicivora's attack. You block the redback's attack.
The broodmother bites you.
* * * LOW HITPOINT WARNING * * *
A spider bursts forth from the wound!
The jumping spider leaps!
You block the redback's attack. The culicivora bites you!
* * * LOW HITPOINT WARNING * * *
The culicivora draws strength from your injuries!
The redback misses you. The broodmother bites you!!
* * * LOW HITPOINT WARNING * * *
The torpor snail bites you.
* * * LOW HITPOINT WARNING * * *
The redback bites you!
You die...

........##s......#
..#.#..(....#.....
.........^..........
..........#..#..#...
#.......#.....^..^. .
.....#..s..s..#$..#..
#......°ss.w....##$..
.......".#sw.........
......#..ss@s....^#
...#....#ss#..†..##
.#....#......<†.##
.......#>...#......#
...#..#..≈#..#.......
#.....#..#...........
s....#...........##
..........#.#.#
#...#..#....~≈#


You could see a broodmother, a steelbarb worm, a torpor snail, 2 orb spiders, a
culicivora, a jumping spider (summoned), a tarantella and 4 redbacks.

Vanquished Creatures
  Saint Roka (Orc:2)
  2 frost giants (Depths:1)
  2 fire giants
  An orc warlord (Orc:2)
  A broodmother (Lair:2)
  A stone giant (Depths:1)
  Azrael (Orc:1)
  A dire elephant (Lair:5)
  4 ettins
  3 rakshasas (Depths:1)
  A vault guard (D:13)
  2 ice dragons
  5 centaur warriors
  2 boulder beetles
  A deep troll earth mage (Depths:1)
  A two-headed ogre (D:13)
  A tengu warrior (Depths:1)
  4 death yaks (Lair:5)
  3 orc high priests (Orc:2)
  3 demonic crawlers
  A spectral death yak (Lair:5)
  A skyshark (Lair:4)
  A skeletal warrior (D:10)
  3 hell knights (Depths:1)
  A spectral anaconda (Lair:5)
  An orb spider (Spider:1)
  2 arcanists (D:13)
  2 orc knights (Orc:2)
  5 necromancers
  20 ugly things
  3 cyclopes
  8 orc sorcerers
  2 salamanders (Depths:1)
  18 elephants
  4 centaur zombies (D:10)
  An ice statue (IceCv)
  A gargoyle (D:11)
  A black mamba (Lair:1)
  4 centaur skeletons (D:10)
  7 cane toads
  A yaktaur (D:13)
  2 efreet
  A rime drake (Lair:1)
  3 komodo dragons
  A tengu conjurer (Depths:1)
  A red devil (Volcano)
  A polar bear (Lair:3)
  A meliai (D:14)
  17 blink frogs
  A hornet (D:9)
  6 trolls
  2 dream sheep (Lair:3)
  2 flying skulls (D:10)
  Sigmund (D:2)
  7 slime creatures
  A shadow (D:11)
  A spriggan (Lair:3)
  A wyvern (Lair:4)
  10 humans (D:13)
  4 water elementals (Depths:1)
  7 wraiths
  3 basilisks
  4 fire elementals
  A warg (Orc:1)
  A steam dragon (D:6)
  3 redbacks (Lair:2)
  A death yak simulacrum (Lair:5)
  37 yaks
  15 vampire mosquitoes
  A spectral cane toad (Lair:5)
  8 water moccasins
  4 hell hounds
  5 acid dragons
  17 orc warriors
  An ice beast (D:5)
  An elephant zombie (Lair:5)
  3 ogres
  A black bear (D:6)
  An elephant skeleton (Lair:5)
  14 centaurs
  23 wolves
  3 kobold brigands
  2 phantoms
  A battlemage (Orc:2)
  10 bullfrogs
  6 scorpions
  A wight (D:10)
  6 killer bees
  2 elephant simulacra
  A howler monkey (D:4)
  5 jellies
  An electric eel (Lair:2)
  3 hounds
  11 orc priests
  4 iguanas
  A sleepcap (D:5)
  14 orc wizards
  9 hell rats (Lair:5)
  A polar bear simulacrum (IceCv)
  A howler monkey zombie (D:10)
  Robin (D:2)
  A gnoll (D:1)
  4 adders
  A shadow imp (D:6)
  7 white imps (D:12)
  3 ufetubi
  2 worms (Lair:2)
  36 orcs
  5 bats
  8 endoplasms
  7 giant cockroaches
  16 goblins
  8 hobgoblins
  3 jackals (D:1)
  6 quokkas
  7 ball pythons
  2 frilled lizards
  20 kobolds
  6 rats
566 creatures vanquished.

Vanquished Creatures (collateral kills)
  A frost giant (Depths:1)
  A stone giant (Depths:1)
  A vault guard (D:13)
  An ice dragon (D:15)
  2 hydras
  2 boulder beetles
  An occultist (Depths:2)
  2 death yaks (Lair:5)
  An orc high priest (Orc:2)
  3 hell knights
  A salamander mystic (Depths:1)
  2 skysharks
  An orc knight (Orc:1)
  A deep elf pyromancer (D:13)
  2 necromancers (Lair:5)
  An orc sorcerer (Orc:2)
  4 ugly things
  A salamander (Depths:1)
  4 centaur zombies (D:10)
  A smoke demon (Volcano)
  A black mamba (Lair:5)
  A torpor snail (Lair:2)
  11 elephants
  An ice statue (IceCv)
  Maggie (D:6)
  6 cane toads
  2 kobold demonologists
  5 komodo dragons
  An eye of devastation (shapeshifter) (Depths:1)
  3 unseen horrors
  Jeremiah (D:6)
  A rime drake (Lair:5)
  5 trolls
  An unseen horror skeleton (D:10)
  A troll (shapeshifter) (D:14)
  A red devil (Volcano)
  2 meliai (D:14)
  A polar bear (Lair:3)
  8 blink frogs
  3 dream sheep (Lair:3)
  2 flying skulls (D:10)
  A vampire (D:10)
  4 wraiths
  A shadow (D:10)
  A wyvern (Lair:1)
  10 yaks
  3 basilisks
  A golden eye (shapeshifter) (D:13)
  8 humans (D:13)
  5 vampire mosquitoes
  2 death yak simulacra
  A swamp worm (Lair:2)
  A hell hound (Orc:2)
  2 water moccasins
  18 orc warriors
  2 black bears
  10 centaurs
  6 wolves
  2 ogres
  A kobold brigand (D:13)
  3 bullfrogs
  2 cane toad simulacra
  5 scorpions
  A wight (D:10)
  3 killer bees (D:10)
  A howler monkey (D:11)
  2 electric eels
  7 orc priests
  2 jellies (D:6)
  Crazy Yiuf (D:6)
  2 centaur skeletons (D:10)
  5 hell rats (Lair:5)
  9 orc wizards
  An iguana (D:6)
  A wolf simulacrum (IceCv)
  2 howler monkey zombies (D:10)
  An adder (D:6)
  A shadow imp (D:8)
  6 white imps
  An ufetubus (D:6)
  31 orcs
  3 endoplasms (Lair:5)
  A giant cockroach (shapeshifter) (D:14)
  3 kobolds
264 creatures vanquished.

Vanquished Creatures (others)
  An orc priest (Orc:2)
  20 battlemagi
  An orc wizard (Orc:1)
  2 orcs (Orc:2)
24 creatures vanquished.

Grand Total: 854 creatures vanquished

Notes
Turn   | Place    | Note
-------+----------+-------------------------------------------
     0 | D:5      | bmb222 the Oni Delver began the quest for the Orb.
     0 | D:5      | Reached XP level 1. HP: 24/24 MP: 1/1
    57 | D:5      | Noticed a sleepcap
   162 | D:5      | Noticed a phantom
   211 | D:4      | Noticed a hound
   219 | D:4      | Noticed an iguana
   418 | D:3      | Reached XP level 2. HP: 30/33 MP: 0/2
   838 | D:2      | Noticed Sigmund
   867 | D:2      | Noticed Robin
  1152 | D:3      | Reached XP level 3. HP: 26/41 MP: 3/3
  1245 | D:2      | Killed Robin
  1246 | D:2      | Reached skill level 5 in Fighting
  1246 | D:2      | Reached skill level 3 in Maces & Flails
  1847 | D:1      | Reached XP level 4. HP: 49/50 MP: 4/4
  3017 | D:2      | Gained mutation: You are somewhat resistant to further
                  | mutation. [potion of mutation]
  3017 | D:2      | Gained mutation: You have sharp toenails. [potion of
                  | mutation]
  3026 | D:2      | Killed Sigmund
  3027 | D:2      | Reached skill level 4 in Maces & Flails
  3027 | D:2      | Reached XP level 5. HP: 8/61 MP: 5/5
  3027 | D:2      | Reached XP level 6. HP: 9/68 MP: 6/6
  3741 | D:4      | Found Arhuxam's Antique Armour Shoppe.
  3831 | D:4      | Identified the ring of Umamiph {rN+ Dex+6}
  3839 | D:4      | Found a staircase to the Ecumenical Temple.
  3845 | Temple   | Entered the Ecumenical Temple
  3939 | Temple   | Became a worshipper of Hepliaklqana the Forgotten
  4051 | D:4      | Found Keovuorph's Magic Scroll Boutique.
  4465 | D:4      | Reached skill level 5 in Maces & Flails
  4465 | D:4      | Reached XP level 7. HP: 19/78 MP: 7/7
  4795 | D:5      | Reached skill level 1 in Armour
  5105 | D:5      | Found a sacrificial altar of Ru.
  5189 | D:5      | Reached XP level 8. HP: 39/88 MP: 8/8
  5922 | D:6      | Reached * piety under Hepliaklqana
  6247 | D:6      | Reached skill level 1 in Shapeshifting
  6352 | D:6      | Noticed Maggie
  6366 | D:6      | Killed Maggie
  6367 | D:6      | Reached skill level 6 in Maces & Flails
  6792 | D:6      | Found a blossoming altar of Fedhas.
  6874 | D:6      | Noticed Jeremiah
  6890 | D:6      | Found a runed translucent door.
  6891 | D:6      | Noticed Crazy Yiuf
  7164 | D:6      | Reached XP level 9. HP: 75/86 MP: 9/9
  7263 | D:6      | Found an ancient bone altar of Kikubaaqudgha.
  7421 | D:7      | Reached skill level 7 in Maces & Flails
  7421 | D:7      | Reached skill level 5 in Dodging
  7870 | D:7      | Reached ** piety under Hepliaklqana
  8075 | D:7      | Remembered your ancestor Jaydra as a battlemage
  8865 | D:7      | Found a glowing silver altar of Zin.
  9203 | D:6      | Killed Jeremiah
  9204 | D:6      | Reached skill level 8 in Maces & Flails
  9323 | D:6      | Killed Crazy Yiuf
  9324 | D:6      | Reached skill level 5 in Armour
  9324 | D:6      | Reached XP level 10. HP: 77/95 MP: 10/10
 10505 | D:8      | Reached *** piety under Hepliaklqana
 11002 | D:9      | Found a shimmering blue altar of Sif Muna.
 11035 | D:9      | Reached skill level 9 in Maces & Flails
 11153 | D:9      | Reached skill level 1 in Invocations
 11318 | D:9      | Found an opulent altar of Gozag.
 11324 | D:9      | Found Gozag's Platinum Reserve.
 11538 | D:9      | Found a staircase to the Lair.
 11625 | D:9      | Found an ornate altar of the Wu Jian Council.
 11625 | D:9      | Found a faded altar of an unknown god.
 11632 | D:9      | Found a faded altar of an unknown god.
 11634 | D:9      | Found a white marble altar of Elyvilon.
 11636 | D:9      | Found a stormy altar of Qazlal.
 11689 | D:10     | Entered Level 10 of the Dungeon
 11704 | D:9      | Found Zeezeog's General Store.
 11707 | D:9      | Bought a potion of heal wounds for 65 gold pieces
 11937 | D:10     | Killed an unseen horror
 11938 | D:10     | Reached XP level 11. HP: 70/105 MP: 12/12
 12139 | D:10     | Noticed a necromancer
 12153 | D:10     | Killed a necromancer
 12154 | D:10     | Reached skill level 10 in Fighting
 12179 | D:10     | Noticed a skeletal warrior
 12868 | D:10     | Reached skill level 10 in Maces & Flails
 12870 | D:10     | Reached skill level 5 in Invocations
 12970 | D:10     | Reached **** piety under Hepliaklqana
 13037 | D:10     | Killed a skeletal warrior
 13038 | D:10     | Reached XP level 12. HP: 33/115 MP: 16/16
 13479 | D:10     | Found Saukho's Book Emporium.
 13852 | Lair:1   | Entered Level 1 of the Lair of Beasts
 14578 | Lair:1   | Identified the +1 mace "Vogogeko" {heavy, rPois Str+2
                  | Stlth+}
 14825 | Lair:1   | Reached ***** piety under Hepliaklqana
 15161 | Lair:2   | Reached skill level 1 in Evocations
 15168 | Lair:2   | Reached skill level 11 in Maces & Flails
 15397 | Lair:2   | Found a dark tunnel.
 15414 | Volcano  | Entered a volcano
 15650 | Volcano  | Noticed a hell knight
 15658 | Volcano  | Killed a hell knight
 15712 | Volcano  | Reached XP level 13. HP: 106/123 MP: 18/18
 16428 | Lair:2   | Found a staircase to the Swamp.
 16548 | Lair:2   | Reached skill level 10 in Dodging
 16557 | Lair:2   | Found a hole to the Spider Nest.
 17721 | Lair:3   | Reached skill level 12 in Maces & Flails
 18502 | Lair:3   | Reached skill level 10 in Armour
 19211 | Lair:4   | Reached XP level 14. HP: 90/135 MP: 19/19
 19212 | Lair:4   | Reached skill level 5 in Evocations
 19479 | Lair:4   | Reached ****** piety under Hepliaklqana
 19701 | Lair:4   | Found a transporter.
 19704 | Lair:4   | Found a transporter.
 19752 | Lair:4   | Noticed Coer's ghost (journeyman DgDe)
 19990 | Lair:5   | Entered Level 5 of the Lair of Beasts
 20269 | Lair:5   | Got the Tome of Contaminated Astrapomancy
 21001 | Lair:5   | Found a viscous altar of Jiyva.
 21002 | Lair:5   | Found a staircase to the Slime Pits.
 22306 | Lair:5   | Reached skill level 13 in Maces & Flails
 22462 | Lair:5   | Identified the +7 scimitar "Yroagoq" {venom, +Blink rElec
                  | Dex-3}
 22491 | Lair:5   | Found a runed translucent gate.
 22491 | Lair:5   | Found a runed translucent gate.
 22491 | Lair:5   | Found a runed translucent gate.
 22690 | Lair:5   | Noticed Lemipp's ghost (journeyman DEHW)
 22742 | Lair:5   | Noticed a dire elephant
 23672 | Lair:5   | Killed a dire elephant
 24280 | Lair:5   | Reached skill level 14 in Maces & Flails
 24757 | D:11     | Reached XP level 15. HP: 144/144 MP: 20/20
 25012 | D:11     | Found a staircase to the Orcish Mines.
 25044 | D:11     | Found Mejew's Armour Shoppe.
 25824 | D:12     | Reached skill level 15 in Maces & Flails
 25987 | D:12     | Found a frozen archway.
 26006 | IceCv    | Entered an ice cave
 26014 | IceCv    | Found a transporter.
 26024 | IceCv    | Found a transporter.
 27476 | D:13     | Identified the +1 ring mail of the Fletcher {Will+ Int+2
                  | Dex-4 Stlth+}
 27513 | D:13     | Reached skill level 16 in Maces & Flails
 27522 | D:13     | Found a gate to the Vaults.
 27818 | D:13     | Found a runed translucent gate.
 27818 | D:13     | Found a runed translucent gate.
 27818 | D:13     | Found a runed translucent gate.
 27818 | D:13     | Noticed Ithuta Obua's ghost (journeyman MiBe)
 27819 | D:13     | Noticed Ithuta Obua's ghost (journeyman MiBe)
 28389 | D:13     | Found a portal to a secret trove of treasure.
 28637 | Orc:1    | Entered Level 1 of the Orcish Mines
 28731 | Orc:2    | Entered Level 2 of the Orcish Mines
 28751 | Orc:2    | Noticed Azrael
 29145 | Orc:2    | Found a staircase to the Elven Halls.
 29582 | Orc:2    | Paralysed by an orc sorcerer for 4 turns
 29589 | Orc:2    | Paralysed by an orc sorcerer for 4 turns
 29598 | Orc:1    | Reached skill level 17 in Maces & Flails
 29817 | Orc:2    | Noticed Saint Roka
 30353 | Orc:1    | Killed Azrael
 31155 | Orc:2    | Noticed an orc warlord
 31877 | Orc:2    | Reached XP level 16. HP: 153/153 MP: 21/21
 31980 | Orc:2    | Reached skill level 18 in Maces & Flails
 32092 | Orc:2    | Killed Saint Roka
 32359 | Orc:2    | Found Qywnunuf's Antique Armour Shoppe.
 32360 | Orc:2    | Found Hazec's Antique Weapon Shoppe.
 32362 | Orc:2    | Found Dyusout's General Store.
 32362 | Orc:2    | Found Foetod's Jewellery Emporium.
 32377 | Orc:2    | Bought a faintly humming scarf for 270 gold pieces
 32377 | Orc:2    | Identified the scarf of the Slug {repulsion, Int+4} (You
                  | bought it in a shop on level 2 of the Orcish Mines)
 33305 | D:14     | Found a shadowy altar of Dithmenos.
 33580 | D:15     | Entered Level 15 of the Dungeon
 33608 | D:15     | Reached skill level 19 in Maces & Flails
 33882 | D:15     | Found a staircase to the Depths.
 34035 | Depths:1 | Entered Level 1 of the Depths
 35112 | Depths:1 | Found a one-way gate to the infinite horrors of the Abyss.
 35197 | Depths:1 | Reached skill level 20 in Maces & Flails
 36226 | Depths:1 | Found Big Baal Hell's Store.
 36468 | Depths:1 | Found a gateway to Hell.
 36533 | Depths:1 | Got the Anthology of Congelation and the Tektite
 36750 | Depths:2 | Reached XP level 17. HP: 76/163 MP: 22/22
 36753 | Depths:2 | Reached skill level 15 in Fighting
 37385 | Spider:1 | Entered Level 1 of the Spider Nest
 37414 | Lair:2   | Reached skill level 1 in Shields
 37790 | Spider:1 | Slain by a redback

Illustrated notes

Levels and vault maps discovered:
D:1:      saegor_arrival_fortress, layout_basic, hangedman_decor_growths
D:2:      layout_rooms, uniq_robin, uniq_sigmund
D:3:      layout_loops_cross, serial_glass, glass_columns_b, glass_columns_b,
          glass_columns_c, glass_columns_b, glass_columns_a, glass_columns_a,
          glass_columns_a, glass_columns_b, glass_columns_a, glass_columns_a
D:4:      cheibrodos_old_hovel, layout_loops_ring, minmay_temple_entry_hall,
          serial_shops, nicolae_take_the_stairs, shop, gup_sewer_entry_pipe,
          ldierk_geyser, serial_bayou_pond_e, kennysheep_cluttered_room
D:5:      layout_loops_cross, hangedman_ru_absence
D:6:      layout_basic, mainiacjoe_overflow_six_doors_small, fedhas_altar_2,
          grunt_tough_drop, uniq_maggie, uniq_jeremiah, uniq_crazy_yiuf_cottage
D:7:      layout_gridville, zin_scriptorium
D:8:      layout_loops_corners
D:9:      layout_basic, mainiacjoe_overflow_brackets,
          nicolae_gozag_zags_fifth_avenue, chequers_temple_overflow_minitemple,
          lair_entry_dummy, serial_shops, kennysheep_mini_moat,
          patterned_corridor
D:10:     hangedman_screamer, layout_basic, serial_shops, shop,
          kennysheep_generic_room_8
D:11:     layout_roguey, orc_david_3, minmay_liquid_box
D:12:     layout_basic, portal_ice_cave_entry_imps, minmay_misc_feat_tiny
D:13:     layout_basic, grunt_vaults_entry_tiered, enter_trove_3,
          gammafunk_ghost_cemetery, minmay_crystal_water, minivault_23
D:14:     layout_rooms, nicolae_dithmenos_the_darkroom
D:15:     grunt_enter_depths_hoard, layout_layer_cave, grunt_qazlal_clouds
Temple:   hellmonk_temple_forest_ring
Lair:1:   layout_regular_city, grunt_megastairs_5
Lair:2:   layout_cave_pods, nicolae_swamp_entry_splash_gauntlet,
          nicolae_spider_entry_non_spiders, nicolae_volcano_entry_lava_flow,
          beast_lair_carwin_4
Lair:3:   layout_gridlike, nicolae_quartered_pool_super, forest_entry_grove,
          grunt_megastairs_4, infiniplex_staircase_pool, serial_bayou_shore_b
Lair:4:   layout_regular_city, gammafunk_ghost_hive
Lair:5:   due_jungle_book, layout_cave_pods, nicolae_slime_entry_slimehenge,
          serial_rivers, chequers_serial_rivers_marsh,
          chequers_serial_rivers_micro_d, chequers_serial_rivers_small_3,
          chequers_serial_rivers_small_a, gammafunk_ghost_necromancy
Spider:1: layout_spider_delve
Orc:1:    layout_caves
Orc:2:    st_orc_congregation, layout_caves, uniq_azrael, uniq_saint_roka
Depths:1: layout_basic, nicolae_hell_entry_big_baal_hell,
          hangedman_decor_points, abyss_entry_crystal, grunt_decor_arrowhead,
          kennysheep_nondescript, st_stairs_7, serial_bayou_lake_a,
          serial_bayou_shore_b, grunt_megastairs_3
Depths:2: grunt_twist_and_shout, layout_basic, kiku_gazebo_garden_becter,
          pf_hell_entry_tar_spiral, pan_entry, uniq_vv

Skill      XL: |  1  2  3  4  5  6  7  8  9 10 11 12 13 14 15 16 17 |
---------------+----------------------------------------------------+-----
Fighting       | 5 6 7 8 9 10 11 12 13 14 15 | 15.1
Maces & Flails | 3 4 5 6 8 9 10 11 12 14 17 20 | 20.0
Dodging        | 2 3 4 6 7 8 9 10 11 | 11.4
Armour         | 1 3 5 6 7 9 10 11 | 11.0
Shapeshifting  | 2 3 |  3.9
Invocations    | 2 6 7 |  7.0
Evocations     | 2 4 6 |  6.3
Shields        | 2 |  2.6
Stealth        | |  3.7

Action                     |  1- 3 |  4- 6 |  7- 9 | 10-12 | 13-15 | 16-18 || total
---------------------------+-------+-------+-------+-------+-------+-------++-------
  Melee: Mace              |    95 |   143 |   125 |    62 |   265 |    20 ||   710
         Headbutt          |     9 |    20 |    36 |    58 |   174 |    74 ||   371
         Punch             |     1 |     2 |     2 |       |     7 |       ||    12
         Kick              |       |     7 |    53 |   115 |   281 |   107 ||   563
         Giant spiked club |       |       |    46 |   257 |   439 |   246 ||   988
         Great mace        |       |       |       |       |     4 |       ||     4
 Invoke: Recall Ancestor   |       |       |     3 |     1 |     3 |     1 ||     8
         Ancestor Life: Ba |       |       |     1 |       |       |       ||     1
         Idealise          |       |       |       |       |     1 |     1 ||     2
  Evoke: Wand              |     1 |       |       |     2 |    16 |     4 ||    23
         Lightning rod     |       |       |       |     5 |       |       ||     5
    Use: Scroll            |     1 |     8 |     1 |     9 |    15 |     3 ||    37
         Potion            |       |     2 |     1 |     8 |    13 |     2 ||    26
   Stab: Sleeping          |     6 |     6 |     4 |     2 |     3 |     2 ||    23
         Distracted        |       |       |     1 |     5 |    12 |     9 ||    27
         Paralysed         |       |       |       |       |       |     6 ||     6
 Armour: Robe              |    69 |       |       |       |       |       ||    69
         Animal skin       |    19 |   101 |    72 |       |       |       ||   192
         Skin              |       |     6 |       |       |       |       ||     6
         Steam dragon scal |       |       |    89 |   364 |   443 |       ||   896
         Troll leather arm |       |       |       |       |    25 |       ||    25
         Acid dragon scale |       |       |       |       |   310 |   220 ||   530
  Dodge: Dodged            |    75 |    72 |   111 |   310 |   643 |   231 ||  1442
  Block: Other             |       |       |       |       |   181 |    39 ||   220
         Reflection        |       |       |       |       |    14 |     4 ||    18
         Tower shield      |       |       |       |       |       |    59 ||    59
   Form: Beast             |       |       |     1 |       |       |       ||     1
                           |       |       |     1 |       |       |       ||     1

Table legend: (Time is in decaauts)
 A = Elapsed time spent in this place.
 B = Non-inter-level travel time spent in this place.
 C = Inter-level travel time spent in this place.
 D = Time resting spent in this place.
 E = Time spent auto-exploring this place.
 F = Levels seen in this place.
 G = Mean time per level.
                   A        B        C        D        E       F      G
               +--------+--------+--------+--------+--------+-----+--------+
         Total |  38023 |  35813 |   2210 |  12396 |  18062 |  28 | 1358.0 |
       Dungeon |  19655 |  18173 |   1482 |   4784 |  10586 |  15 | 1310.3 |
        Temple |    100 |    100 |      0 |      0 |     87 |   1 |  100.0 |
          Lair |  10665 |  10251 |    414 |   2985 |   5787 |   5 | 2133.0 |
   Spider Nest |     36 |     36 |      0 |      0 |      0 |   1 |   36.0 |
  Orcish Mines |   3815 |   3540 |    275 |   2342 |    697 |   2 | 1907.5 |
        Depths |   2757 |   2720 |     37 |   1557 |    905 |   2 | 1378.5 |
      Ice Cave |    430 |    430 |      0 |    369 |      0 |   1 |  430.0 |
       Volcano |    561 |    561 |      0 |    358 |      0 |   1 |  561.0 |
               +--------+--------+--------+--------+--------+-----+--------+

Top non-repeatable levels by time:
  Lair:5: 3698 daAuts
   Orc:1: 3086 daAuts
Depths:1: 2730 daAuts
     D:6: 2192 daAuts
  Lair:2: 2141 daAuts
    D:10: 1948 daAuts
  Lair:4: 1868 daAuts
  Lair:3: 1737 daAuts
    D:13: 1713 daAuts
     D:7: 1605 daAuts
     D:9: 1538 daAuts
    D:12: 1496 daAuts
     D:1: 1473 daAuts
  Lair:1: 1220 daAuts
     D:2: 1184 daAuts
